cohdb
Replays
Latest Replays
All Replays
Popular Replays
Top Player Replays
Match Explorer
How It Works
Community
CoH3 Stats
Reddit
Sign in to upload your games and track your stats! →
Sign in with Steam
Match 31519262
Unlisted
Match 31519262
Overview
Messages
Build Orders
End
Pioneer Squad
Construct Infanterie Kompanie
Selects Mechanized Battlegroup
Grenadier Squad
Grenadier Squad
Grenadier Squad
Construct Panzergrenadier Kompanie
251 Medium Carrier
Pak 40 Anti-tank Gun Team
Panzergrenadier Squad
Selects Raid Package
Panzergrenadier Squad
Support Elements
Selects 8 Rad Armored Car
8 Rad Armored Car
StuG III G Assault Gun
Nebelwerfer 42 Rocket Launcher Team
8 Rad Armored Car
Selects Spotting Scopes
Panzergrenadier Officer Quarters
Selects Stoßtruppen Assault Package
Selects Zeroing Artillery Barrage
Zeroing Artillery Barrage
251 Medium Carrier
MG 42 Machine Gun Team
Pak 40 Anti-tank Gun Team
Medical Station
8 Rad Armored Car
johny247trace
UMirinBrah?
0
0
Comments
sign in to comment!
No comments posted yet!